 Dungeon Crawl Stone Soup version 0.29-a0-668-g12ee2bf84d (webtiles) character file.

Game seed: 2693532499211032771

6 dolemite99 the Skirmisher (level 1, 0/19 HPs)
             Began as a Draconian Chaos Knight on June 24, 2022.
             Was a Plaything of Xom.
             Frozen to death by an endoplasm (5 damage)
             ... on level 1 of the Dungeon.
             The game lasted 00:00:29 (507 turns).

dolemite99 the Skirmisher (Draconian Chaos Knight)   Turns: 507, Time: 00:00:30

Health: 0/19       AC:  4    Str: 14    XL:     1   Next: 75%
Magic:  1/1        EV: 12    Int: 12    God:    Xom [......]
Gold:   18         SH:  0    Dex: 10    Spells: 0/0 levels left

rFire   . . .      SeeInvis .     - Unarmed
rCold   . . .      Faith    .   (no shield)
rNeg    . . .      Spirit   .   (body armour unavailable)
rPois   .          Reflect  .   (helmet restricted)
rElec   .          Harm     .   (no cloak)
rCorr   .          Rampage  .   (no gloves)
Will    .....                   (no boots)
Stlth   +.........              (no amulet)
HPRegen 0.06/turn               (no ring)
MPRegen 0.07/turn               (no ring)

@: slowed, very slow
A: AC +4, unfitting armour, cold-blooded
a: Renounce Religion


You were on level 1 of the Dungeon.
You worshipped Xom.
You were a very special plaything of Xom.
You visited 1 branch of the dungeon, and saw 1 of its levels.

You collected 18 gold pieces.

Inventory:

Potions
 b - a potion of curing {unknown}
Miscellaneous
 a - a piece from Xom's chessboard (inert) (quivered)


   Skills:
 + Level 3.4 Fighting
 + Level 2.2 Dodging
 * Level 3.2 Unarmed Combat


You couldn't memorise any spells.
You didn't know any spells.
Your spell library was empty.

Dungeon Overview and Level Annotations

Branches:
Dungeon (1/15)

Altars:


Innate Abilities, Weirdness & Mutations

Your plain brown scales are hard. (AC +4)
You cannot fit into any form of body armour.
You are cold-blooded and may be slowed by cold attacks.


Message History

No target in view!
No target in view!
A goblin comes into view. It is wielding a +0 dagger.
The goblin shouts!
A hobgoblin comes into view.
The hobgoblin shouts!
An endoplasm comes into view.
There are monsters nearby!
The endoplasm quivers.
You hit the goblin but do no damage. You tail-slap the goblin.
The goblin is severely wounded.
The goblin barely misses you.
There are monsters nearby!
You closely miss the goblin.
Your tail-slap misses the goblin.
The goblin is severely wounded.
The goblin hits you with a +0 dagger.
You closely miss the goblin.
The goblin is severely wounded.
The hobgoblin hits you. The goblin misses you.
You punch the goblin!
You kill the goblin!
The hobgoblin closely misses you.
You closely miss the hobgoblin. The endoplasm closely misses you.
The hobgoblin barely misses you.
You hit the endoplasm.
The endoplasm is almost dead.
The endoplasm freezes you.
You are frozen.
You feel yourself slow down. The hobgoblin hits you.
You are too injured to fight recklessly!
The hobgoblin attacks as you move away! The hobgoblin misses you.
Xom's malign attention turns to you for a moment.
Your body is wracked with pain!
* * * LOW HITPOINT WARNING * * *
The endoplasm barely misses you. The endoplasm attacks as you move away!
The endoplasm closely misses you.
You hit the endoplasm but do no damage.
The endoplasm is heavily wounded.
The endoplasm freezes you.
You are frozen.
You die...

#. #. #.......∆ #. #.
#......# #. #.# #......# #.
#.. #......## #. #.##
#......P# # #. #..##
#.......#
....##.#####..###.......###
#....).gJ@.............P..
#..##)######..##P..≈≈♣†..#
#. ##.#...≈≈≈≈♣..# #.
#.#.†≈≈†≈♣≈♣## ##
#.#.♣≈♣≈≈♣♣...
#.#..♣≈≈♣≈....
#.#..♣≈≈≈..P..
(....P≈♣♣.....
##..#....♣####


You could see an endoplasm and a hobgoblin.

Vanquished Creatures
  A giant cockroach (D:1)
  2 goblins (D:1)
  3 bats (D:1)
6 creatures vanquished.

Vanquished Creatures (others)
  A plant (D:1)
1 creature vanquished.

Grand Total: 7 creatures vanquished

Notes
Turn   | Place    | Note
-------+----------+-------------------------------------------
     0 | D:1      | dolemite99 the Draconian Chaos Knight began the quest for
                  | the Orb.
     0 | D:1      | Reached XP level 1. HP: 19/19 MP: 1/1
    52 | D:1      | XOM: divination: magic mapping
   294 | D:1      | XOM: divination: detect items
   465 | D:1      | XOM: silly message
   483 | D:1      | XOM: noise
   505 | D:1      | XOM: torment (4/19 hp)
   507 | D:1      | Frozen to death by an endoplasm

Illustrated notes

Levels and vault maps discovered:
D:1:      lemuel_arrival_river_passageway, layout_rooms, serial_bayou_pond_a,
          roderic_lattice_a, serial_bayou_lagoon_a

Action                   || total
-------------------------++-------
Melee: Unarmed           ||    30
       Tailslap          ||     3
Evoke: Piece from Xom's  ||    15
Armor: Skin              ||    16
Dodge: Dodged            ||    29

Table legend: (Time is in decaauts)
 A = Elapsed time spent in this place.
 B = Non-inter-level travel time spent in this place.
 C = Inter-level travel time spent in this place.
 D = Time resting spent in this place.
 E = Time spent auto-exploring this place.
 F = Levels seen in this place.
 G = Mean time per level.
                   A        B        C        D        E       F      G
               +--------+--------+--------+--------+--------+-----+--------+
         Total |    516 |    516 |      0 |    370 |     58 |   1 |  516.0 |
       Dungeon |    516 |    516 |      0 |    370 |     58 |   1 |  516.0 |
               +--------+--------+--------+--------+--------+-----+--------+

Top non-repeatable levels by time:
     D:1: 516 daAuts
